 Dungeon Crawl Stone Soup version 0.31.0-11-ge490571c62 (webtiles) character file.

Game seed: 15321698777764265861

371 qw the Ducker (level 6, -6/30 HPs)
             Began as a Spriggan Hunter on Feb 4, 2024.
             Mangled by Edmund
             ... wielding a +1 flail of protection
              (10 damage)
             ... on level 4 of the Dungeon.
             The game lasted 00:00:11 (2519 turns).

qw the Ducker (Spriggan Hunter)                     Turns: 2519, Time: 00:00:12

Health: -6/30      AC:  2    Str:  7    XL:     6   Next: 42%
Magic:  7/7        EV: 21    Int: 11    God:
Gold:   157        SH:  0    Dex: 20    Spells: 5/5 levels left

rFire   . . .        a - +1 shortbow
rCold   . . .        (shield currently unavailable)
rNeg    . . .        c - +0 robe
rPois   .            (helmet restricted)
rElec   .            d - scarf {repulsion}
rCorr   .            (gloves unavailable)
SInv    +            (boots unavailable)
Will    +....        (no amulet)
Stlth   ++           (no ring)
HPRegen 0.25/turn    (no ring)
MPRegen 0.10/turn

%: repel missiles
@: hasted, very quick
A: very small, no large weapons, unfitting armour, see invisible, speed 3
a: no special abilities


You were on level 4 of the Dungeon.
You visited 1 branch of the dungeon, and saw 4 of its levels.

You collected 157 gold pieces.


Innate Abilities, Weirdness & Mutations

You are very small and have problems with some larger weapons.
You are too small for most types of armour.
You have supernaturally acute eyesight. (SInv)
You cover ground extremely quickly. (Speed+++)


   Skills:
 - Level 2.0 Fighting
 + Level 6.2 Ranged Weapons
 - Level 6.3 Dodging
 - Level 1.5 Stealth


You had 5 spell levels left.
You didn't know any spells.
Your spell library was empty.

Inventory:

Hand Weapons
 a - a +1 shortbow (weapon)
Armour
 c - a +0 robe (worn)
 d - a scarf of repulsion (worn)
Jewellery
 g - a ring of ice
Potions
 f - a potion of curing {unknown}

Dungeon Overview and Level Annotations

Branches:
Dungeon (4/15)
 Temple: D:4-7

Altars:
Gozag
Zin

Annotations:
D:4 Edmund


Message History

Edmund hits you with a +1 flail of protection.
The orc wizard gestures at you while chanting.
You resist with almost no effort.
You shoot an arrow.
The arrow hits Edmund but does no damage.
Edmund is severely wounded.
The orc wizard misses you. Edmund misses you.
You shoot an arrow. The arrow barely misses Edmund.
The arrow hits the ribbon worm!
The ribbon worm is moderately wounded.
You shoot an arrow. The arrow barely misses Edmund.
The arrow hits the ribbon worm.
The ribbon worm is severely wounded.
Edmund barely misses you.
The orc wizard mumbles some strange words.
The orc wizard flickers and vanishes for a moment.
You shoot an arrow. The arrow hits Edmund.
Edmund is severely wounded.
The orc wizard hits you but does no damage.
Edmund barely misses you.
You shoot an arrow.
The arrow hits Edmund but does no damage.
Edmund is severely wounded.
The orc wizard hits you with a +0 dagger.
Edmund closely misses you.
You shoot an arrow.
The arrow hits Edmund but does no damage.
Edmund is severely wounded.
You shoot an arrow. The arrow closely misses Edmund.
The arrow hits the ribbon worm!
The ribbon worm is almost dead.
Edmund completely misses you. The orc wizard barely misses you.
You shoot an arrow. The arrow closely misses Edmund.
The arrow closely misses the orc.
You shoot an arrow. The arrow hits Edmund.
Edmund is almost dead.
The orc wizard closely misses you.
Edmund hits you with a +1 flail of protection!
You die...
Edmund whines, "They better pay attention to me now!"

... .. .# ##.#
#..# ##.##
##...# ##....#
##..#@o#
###..###@o.....
##..### wO..=..
##..## o......
## ##..##
....... .###
##..## .......
...###..##
.......
#......####
......[
###..###..#


You could see Edmund, an ogre, a ribbon worm, an orc wizard (invisible) and 2
orcs.

Vanquished Creatures
  4 wights (D:4)
  Natasha (thrice) (D:2)
  2 adders
  2 ribbon worms
  6 orcs
  4 ball pythons
  8 endoplasms
  3 giant cockroaches
  3 goblins
  6 hobgoblins
  2 quokkas
  6 bats
  3 frilled lizards
  8 kobolds
  2 rats
62 creatures vanquished.

Notes
Turn   | Place    | Note
-------+----------+-------------------------------------------
     0 | D:1      | qw the Spriggan Hunter began the quest for the Orb.
     0 | D:1      | Reached XP level 1. HP: 10/10 MP: 2/2
     0 | D:1      | 0 ||| qw: Version: 0.3-a-160-g6735b56
     0 | D:1      | 0 ||| qw: Game counter: 5290
     0 | D:1      | 0 ||| qw: Melee chars always use a shield: true
     0 | D:1      | 0 ||| qw: God list: Okawaru
     0 | D:1      | 0 ||| qw: Allow faded altars: false
     0 | D:1      | 0 ||| qw: Do Orc after clearing Dungeon:15 true
     0 | D:1      | 0 ||| qw: Do second Lair branch before Depths: true
     0 | D:1      | 0 ||| qw: Lair rune preference: random
     0 | D:1      | 0 ||| qw: Goals: Normal
     0 | D:1      | 0 ||| PLANNING D:1-11
    47 | D:1      | Reached skill level 3 in Dodging
   111 | D:1      | Reached XP level 2. HP: 14/14 MP: 3/3
   602 | D:1      | Reached XP level 3. HP: 18/18 MP: 4/4
   615 | D:1      | 615 ||| READING scroll labelled YMAYFE XIPAUWN.
   615 | D:1      | 615 ||| IDENTIFYING black potion
   616 | D:1      | 616 ||| READING scroll labelled JAFEKAACAM.
   619 | D:1      | 619 ||| DROPPING scroll of butterflies.
   757 | D:2      | Noticed Natasha
   760 | D:2      | 760 ||| DRINKING potion of haste.
   763 | D:2      | Killed Natasha
   764 | D:2      | Reached XP level 4. HP: 18/22 MP: 5/5
   952 | D:2      | Noticed Natasha
   960 | D:2      | Killed Natasha
  1076 | D:2      | Noticed Natasha
  1081 | D:2      | Killed Natasha
  1115 | D:2      | 1115 ||| UPGRADING to scarf of repulsion.
  1120 | D:2      | 1120 ||| READING scroll labelled XUOQAT PYEBUT.
  1279 | D:3      | Found a glowing silver altar of Zin.
  1336 | D:3      | HP: 5/22 [ribbon worm (2)]
  1524 | D:3      | Reached XP level 5. HP: 26/26 MP: 6/6
  1684 | D:3      | Found an opulent altar of Gozag.
  2008 | D:3      | 2008 ||| DROPPING scarf of invisibility.
  2009 | D:3      | 2009 ||| READING scroll of identify.
  2009 | D:3      | 2009 ||| IDENTIFYING metallic amethyst potion
  2010 | D:3      | 2010 ||| READING scroll labelled BITHOITALUR.
  2010 | D:3      | 2010 ||| ENCHANTING +0 shortbow.
  2011 | D:3      | 2011 ||| READING scroll labelled WITZELIROM.
  2012 | D:3      | 2012 ||| READING scroll labelled UPINOXZ OHASA.
  2013 | D:3      | 2013 ||| DRINKING 3 yellow potions.
  2014 | D:3      | 2014 ||| DRINKING 2 dark potions.
  2015 | D:3      | 2015 ||| DROPPING potion of degeneration.
  2016 | D:3      | 2016 ||| DROPPING 2 potions of attraction.
  2017 | D:3      | 2017 ||| DROPPING potion of invisibility.
  2019 | D:3      | 2019 ||| Stepping ~*~*~tactically~*~*~ (cloud).
  2192 | D:4      | 2192 ||| RETREEEEATING.
  2194 | D:4      | 2194 ||| RETREEEEATING.
  2195 | D:4      | 2195 ||| RETREEEEATING.
  2196 | D:4      | 2196 ||| RETREEEEATING.
  2207 | D:4      | Reached skill level 6 in Ranged Weapons
  2214 | D:4      | Reached XP level 6. HP: 21/30 MP: 7/7
  2267 | D:4      | Reached skill level 6 in Dodging
  2324 | D:4      | Identified the +0 buckler of the First Snow {Will+ Stlth+}
  2485 | D:4      | Noticed Edmund
  2486 | D:4      | 2486 ||| DRINKING potion of haste.
  2510 | D:4      | HP: 4/30 [Edmund/+1 flail of protection (5)]
  2515 | D:4      | HP: 4/30 [orc wizard/+0 dagger (1)]
  2519 | D:4      | Mangled by Edmund

Levels and vault maps discovered:
D:1:      dpeg_arrival_solitude, layout_loops_ring, minmay_pentomino_o4
D:2:      layout_rooms, uniq_natasha
D:3:      layout_loops_cross, grunt_gozag_statues, mainiacjoe_overflow_chevrons,
          moated_statue
D:4:      layout_cave_pods, uniq_sigmund, uniq_edmund

Skill      XL: |  1  2  3  4  5  6 |
---------------+-------------------+-----
Dodging        | 3 4 5 6 |  6.3
Ranged Weapons | 5 6 |  6.2
Fighting       | 2 |  2.0
Stealth        | |  1.5

Action                     |  1- 3 |  4- 6 || total
---------------------------+-------+-------++-------
   Fire: Shortbow          |   106 |   140 ||   246
    Use: Scroll            |     2 |     5 ||     7
         Potion            |     1 |     3 ||     4
 Armour: Robe              |    10 |    26 ||    36
  Dodge: Dodged            |    40 |    68 ||   108

Table legend:
 A = Non-vault XP
 B = Vault XP
 C = Vault XP percentage of total XP
 D = Non-vault monster count
 E = Vault monster count
 F = Vault count percentage of total count
                 A         B        C        D         E       F
            +---------+---------+-------+---------+---------+-------
      Total |     489 |      42 |   7.9 |      57 |       5 |   8.1
            +---------+---------+-------+---------+---------+-------
        D:1 |      35 |       7 |  16.7 |      20 |       4 |  16.7
        D:2 |     101 |      35 |  25.7 |      14 |       1 |   6.7
        D:3 |      42 |       0 |   0.0 |      14 |       0 |   0.0
        D:4 |     311 |       0 |   0.0 |       9 |       0 |   0.0
            +---------+---------+-------+---------+---------+-------
